[Event "29th Czech Open-Rapid 2018"]
[Site "Pardubice"]
[Date "2018.07.19"]
[Round "6"]
[White "Trost, Edvin"]
[Black "Joukl, Zdenek"]
[Result "1/2-1/2"]
[ECO "B07"]
[WhiteElo "1831"]
[BlackElo "2068"]
[Annotator "NA"]
[PlyCount "82"]
[EventDate "2018.07.18"]
[EventType "swiss"]
[EventCountry "CZE"]
[SourceTitle "playchess.com"]
[Source "ChessBase"]
[SourceQuality "1"]
[TimeControl "900+10"]

1. e4 d6 2. d4 Nf6 3. Nc3 Nbd7 4. Nge2 e5 5. g3 c6 6. Bg2 Be7 7. O-O O-O 8. a4 a5 9. h3 b6 10. Kh1 Ba6 11. Re1 b5 12. d5 b4 13. dxc6 Nb8 14. Nd5 Nxc6 15. Ne3 Re8 16. c4 Bf8 17. b3 Bc8 18. g4 Nd7 19. Bb2 Nc5 20. Ng3 Ne6 21. Re2 g6 22. Rd2 Ncd4 23. Bxd4 Nxd4 24. Ne2 Nxe2 25. Qxe2 Be6 26. Rad1 Qc7 27. Nd5 Bxd5 28. Rxd5 Qb6 29. R1d3 Rac8 30. Kg1 Rc5 31. Kf1 Rxd5 32. Rxd5 Rc8 33. Ke1 Rc5 34. Rd3 Be7 35. Qd2 Kg7 36. Kd1 h6 37. Kc2 Rc6 38. Rf3 Rc5 39. Rd3 Rc6 40. Rf3 Rc5 41. Rd3 Qc7 1/2-1/2

[Event "29th Czech Open-Rapid 2018"]
[Site "Pardubice"]
[Date "2018.07.19"]
[Round "6"]
[White "Zdrazil, Jan"]
[Black "Valenta, Vit"]
[Result "0-1"]
[ECO "B46"]
[WhiteElo "1809"]
[BlackElo "2144"]
[Annotator "NA"]
[PlyCount "52"]
[EventDate "2018.07.18"]
[EventType "swiss"]
[EventCountry "CZE"]
[SourceTitle "playchess.com"]
[Source "ChessBase"]
[SourceQuality "1"]
[TimeControl "900+10"]

1. e4 c5 2. Nf3 e6 3. d4 cxd4 4. Nxd4 a6 5. Nc3 Nc6 6. Be3 Nf6 7. Qd2 Ng4 8. Bg5 Qb6 9. Nb3 Bb4 10. h3 Nf6 11. Bd3 d5 12. Bxf6 gxf6 13. exd5 exd5 14. O-O Be6 15. a3 Bd6 16. Nxd5 Bxd5 17. Bf5 Ne7 18. Rfe1 Be5 19. Be4 O-O-O 20. Qh6 Kb8 21. Nd2 Ka7 22. b4 Bxa1 23. Rxa1 Bxe4 24. Nxe4 Qd4 25. Re1 Ng6 26. Qg7 f5 0-1

[Event "29th Czech Open-Rapid 2018"]
[Site "Pardubice"]
[Date "2018.07.19"]
[Round "6"]
[White "Effenberger, Adam"]
[Black "Pavlicek, Lukas"]
[Result "0-1"]
[ECO "B90"]
[WhiteElo "1784"]
[BlackElo "1819"]
[Annotator "NA"]
[PlyCount "52"]
[EventDate "2018.07.18"]
[EventType "swiss"]
[EventCountry "CZE"]
[SourceTitle "playchess.com"]
[Source "ChessBase"]
[SourceQuality "1"]
[TimeControl "900+10"]

1. e4 c5 2. Nf3 d6 3. d4 cxd4 4. Nxd4 Nf6 5. Nc3 a6 6. Be3 e5 7. Nb3 Be6 8. f3 Be7 9. Qd2 Nbd7 10. Be2 b5 11. g4 O-O 12. g5 b4 13. Na4 Ne8 14. f4 Qc7 15. f5 Bc4 16. Bxc4 Qxc4 17. Qd5 Rc8 18. c3 Qb5 19. f6 Bd8 20. fxg7 Kxg7 21. h4 Qxa4 22. h5 bxc3 23. g6 Ndf6 24. h6+ Kg8 25. Qxd6 Nxd6 26. g7 Qxe4 0-1

[Event "29th Czech Open-Rapid 2018"]
[Site "Pardubice"]
[Date "2018.07.19"]
[Round "6"]
[White "Tomek, Karel"]
[Black "Trost, Martin"]
[Result "0-1"]
[ECO "D05"]
[WhiteElo "1774"]
[BlackElo "1844"]
[Annotator "NA"]
[PlyCount "47"]
[EventDate "2018.07.18"]
[EventType "swiss"]
[EventCountry "CZE"]
[SourceTitle "playchess.com"]
[Source "ChessBase"]
[SourceQuality "1"]
[TimeControl "900+10"]

1. d4 d5 2. Nf3 Nf6 3. e3 e6 4. Bd3 g6 5. O-O Bg7 6. b3 O-O 7. Bb2 b6 8. Nbd2 Bb7 9. Ne5 Nbd7 10. Ndf3 Ne4 11. Nxd7 Qxd7 12. Qe2 Rac8 13. c4 Rfd8 14. Rad1 Qe7 15. Nd2 c5 16. Nf3 Rc7 17. cxd5 Bxd5 18. Rc1 Rcc8 19. Bxe4 Bxe4 20. Ba3 Qb7 21. Rcd1 Bxf3 22. gxf3 cxd4 23. exd4 Bxd4 24. Bc1 0-1

[Event "29th Czech Open-Rapid 2018"]
[Site "Pardubice"]
[Date "2018.07.19"]
[Round "6"]
[White "Tarun, V Kanth"]
[Black "Domogaev, Sergey"]
[Result "1/2-1/2"]
[ECO "D31"]
[WhiteElo "1771"]
[BlackElo "2337"]
[Annotator "NA"]
[PlyCount "77"]
[EventDate "2018.07.18"]
[EventType "swiss"]
[EventCountry "CZE"]
[SourceTitle "playchess.com"]
[Source "ChessBase"]
[SourceQuality "1"]
[TimeControl "900+10"]

1. d4 d5 2. c4 e6 3. Nc3 a6 4. cxd5 exd5 5. Bf4 Nf6 6. e3 Bd6 7. Bxd6 Qxd6 8. Bd3 O-O 9. Nge2 Nbd7 10. O-O c5 11. dxc5 Nxc5 12. Bc2 Be6 13. Nf4 Rfd8 14. Nxe6 fxe6 15. Qe2 e5 16. Rfd1 d4 17. exd4 exd4 18. Qc4+ Kh8 19. Na4 Nxa4 20. Qxa4 Ng4 21. g3 Qf6 22. Rf1 Rac8 23. Be4 b5 24. Qd1 Ne5 25. Qh5 g6 26. Qh6 d3 27. Rad1 Rd4 28. Bg2 Ng4 29. Qh3 Rc2 30. Bb7 Rxf2 31. Bc8 Rxf1+ 32. Rxf1 Qg5 33. Bxg4 Rxg4 34. Qg2 Qe3+ 35. Qf2 Qxf2+ 36. Rxf2 Rc4 37. Rd2 Rc2 38. Rxd3 Rxb2 39. Ra3 1/2-1/2

[Event "29th Czech Open-Rapid 2018"]
[Site "Pardubice"]
[Date "2018.07.19"]
[Round "6"]
[White "Alekseev, Mikhail"]
[Black "Vokoun, Jan"]
[Result "0-1"]
[ECO "B00"]
[WhiteElo "1752"]
[BlackElo "2155"]
[Annotator "NA"]
[PlyCount "112"]
[EventDate "2018.07.18"]
[EventType "swiss"]
[EventCountry "CZE"]
[SourceTitle "playchess.com"]
[Source "ChessBase"]
[SourceQuality "1"]
[TimeControl "900+10"]

1. e4 Nc6 2. Nf3 d6 3. d4 g6 4. Bd3 Bg7 5. c3 e5 6. Bb5 Bd7 7. O-O Nge7 8. dxe5 dxe5 9. Bg5 f6 10. Be3 Be6 11. Qa4 a6 12. Rd1 Qc8 13. Bxc6+ Nxc6 14. Bc5 Kf7 15. Nbd2 Nd8 16. Nf1 b6 17. Be3 Nb7 18. Qc2 Qe8 19. c4 Qc6 20. Rac1 Bf8 21. N3d2 a5 22. Nb1 Bd6 23. b3 Rhd8 24. Nc3 Ba3 25. Rb1 Bb4 26. Nd5 Bc5 27. Rd2 Bd6 28. Rbd1 Rd7 29. Ng3 Rad8 30. Ne2 Nc5 31. Nec3 Na6 32. Nb5 Nb4 33. Nxd6+ Rxd6 34. Nxb4 axb4 35. Rxd6 cxd6 36. Qd2 b5 37. cxb5 Qxb5 38. Rc1 Rd7 39. Qc2 f5 40. exf5 Bxf5 41. Qc4+ Qxc4 42. Rxc4 Bb1 43. Rxb4 Bxa2 44. Kf1 d5 45. Ra4 Bxb3 46. Ra7 Rxa7 47. Bxa7 Bc4+ 48. Ke1 Ke6 49. Bb8 d4 50. Kd2 Bf1 51. g3 Bc4 52. f4 e4 53. Be5 Kd5 54. Bg7 e3+ 55. Ke1 d3 56. Bc3 Ke4 0-1

[Event "29th Czech Open-Rapid 2018"]
[Site "Pardubice"]
[Date "2018.07.19"]
[Round "6"]
[White "Salykin, Aleksandr"]
[Black "Roessler, Ulrike"]
[Result "1/2-1/2"]
[ECO "A48"]
[WhiteElo "1745"]
[BlackElo "2137"]
[Annotator "NA"]
[PlyCount "152"]
[EventDate "2018.07.18"]
[EventType "swiss"]
[EventCountry "CZE"]
[SourceTitle "playchess.com"]
[Source "ChessBase"]
[SourceQuality "1"]
[TimeControl "900+10"]

1. Nf3 Nf6 2. d4 g6 3. Bf4 Bg7 4. e3 O-O 5. Be2 d6 6. h3 Nbd7 7. O-O c6 8. c3 Nh5 9. Bh2 h6 10. Nbd2 f5 11. Nh4 Qe8 12. Nxg6 Qxg6 13. Bxh5 Qf6 14. Kh1 Kh8 15. Be2 Rg8 16. Bc4 e6 17. Bxd6 Qg6 18. Rg1 Re8 19. Nf3 e5 20. dxe5 Nxe5 21. Nxe5 Bxe5 22. Bxe5+ Rxe5 23. Qd4 Qg7 24. Rad1 b6 25. Qd8+ Kh7 26. Ba6 Bb7 27. Qd3 Rd5 28. Qe2 Bxa6 29. Qxa6 Rad8 30. Qe2 Qd7 31. Rxd5 Qxd5 32. a3 Qd2 33. Re1 Kg6 34. Kg1 Kf6 35. e4 Qxe2 36. Rxe2 fxe4 37. Rxe4 Rd1+ 38. Kh2 Rd2 39. Rb4 Rxf2 40. Kg3 Rd2 41. Rf4+ Kg6 42. Rf2 Rd3+ 43. Kf4 Rd1 44. Ke5 Rd5+ 45. Ke4 Rd1 46. Ke3 c5 47. Ke2 Rb1 48. Kd3 b5 49. c4 a6 50. Kc2 Rg1 51. b3 bxc4 52. bxc4 Ra1 53. Kb2 Re1 54. Rd2 Re6 55. Kb3 Re3+ 56. Ka4 Re4 57. Rd6+ Kg7 58. Rxa6 Rxc4+ 59. Kb5 Rc2 60. a4 Rxg2 61. a5 Rh2 62. Rb6 Rxh3 63. Kxc5 Ra3 64. Kb5 h5 65. a6 h4 66. Rb7+ Kg6 67. a7 Kg5 68. Kb6 h3 69. Rh7 Kg4 70. Kb7 Kg3 71. Rg7+ Kf2 72. Rf7+ Kg2 73. Rg7+ Kf2 74. a8=Q Rxa8 75. Kxa8 h2 76. Rh7 Kg2 1/2-1/2

[Event "29th Czech Open-Rapid 2018"]
[Site "Pardubice"]
[Date "2018.07.19"]
[Round "6"]
[White "Zdechovsky, Tobias"]
[Black "Yakimenko, Alexander A"]
[Result "1-0"]
[ECO "C71"]
[WhiteElo "1675"]
[BlackElo "2037"]
[Annotator "NA"]
[PlyCount "64"]
[EventDate "2018.07.18"]
[EventType "swiss"]
[EventCountry "CZE"]
[SourceTitle "playchess.com"]
[Source "ChessBase"]
[SourceQuality "1"]
[TimeControl "900+10"]

1. e4 e5 2. Nf3 Nc6 3. Bb5 a6 4. Ba4 d6 5. d4 Bd7 6. O-O Nf6 7. Re1 Be7 8. c4 O-O 9. h3 Nxd4 10. Nxd4 Bxa4 11. Qxa4 exd4 12. b4 Nd7 13. Qb3 Bf6 14. Bb2 Re8 15. Nd2 c5 16. Qg3 Qc7 17. bxc5 Nxc5 18. Rac1 Na4 19. Ba3 Nc5 20. Bb2 Re7 21. f4 Rae8 22. Qf3 g6 23. Nb3 Nxb3 24. axb3 Qc6 25. Ba3 Rxe4 26. Rxe4 Qxe4 27. Qxe4 Rxe4 28. Bxd6 Re3 29. b4 h5 30. c5 d3 31. Kf1 d2 32. Rd1 Bc3 1-0

[Event "29th Czech Open-Rapid 2018"]
[Site "Pardubice"]
[Date "2018.07.19"]
[Round "6"]
[White "Gukesh, Dommaraju"]
[Black "Maltsevskyay, Aleksandra"]
[Result "1-0"]
[ECO "A05"]
[WhiteElo "1519"]
[BlackElo "2297"]
[Annotator "NA"]
[PlyCount "91"]
[EventDate "2018.07.18"]
[EventType "swiss"]
[EventCountry "CZE"]
[SourceTitle "playchess.com"]
[Source "ChessBase"]
[SourceQuality "1"]
[TimeControl "900+10"]

1. Nf3 Nf6 2. g3 g6 3. Bg2 Bg7 4. O-O O-O 5. d4 d6 6. Re1 Nbd7 7. e4 e5 8. Nc3 c6 9. a4 Qc7 10. h3 b6 11. b3 Bb7 12. Ba3 Rfe8 13. Qd2 Rad8 14. Rad1 a6 15. Qc1 exd4 16. Nxd4 c5 17. Ndb5 axb5 18. Nxb5 Qb8 19. Nxd6 Bc6 20. Nxe8 Rxe8 21. e5 Bxg2 22. exf6 Bxh3 23. Kh2 Ne5 24. fxg7 Bg4 25. Re3 Nf3+ 26. Kg2 Rxe3 27. fxe3 Qa8 28. e4 Qxe4 29. Rd8+ Kxg7 30. Bb2+ Nd4+ 31. Kg1 Qe5 32. Bxd4 cxd4 33. Qf4 Qe1+ 34. Kg2 Qe2+ 35. Qf2 Bh3+ 36. Kg1 Qe6 37. Qxd4+ f6 38. Qf2 Bf5 39. Rb8 Be4 40. Rxb6 Qe5 41. Rb4 Bd5 42. Rd4 Qh5 43. Kf1 Qe5 44. Qf4 Qe6 45. Qc7+ Kh6 46. Rh4+ 1-0

[Event "29th Czech Open-Rapid 2018"]
[Site "Pardubice"]
[Date "2018.07.19"]
[Round "7"]
[White "Gallego Alcaraz, Andres Felipe"]
[Black "Nikologorsky, Matfei"]
[Result "1-0"]
[ECO "D85"]
[WhiteElo "2447"]
[BlackElo "2140"]
[Annotator "NA"]
[PlyCount "75"]
[EventDate "2018.07.18"]
[EventType "swiss"]
[EventCountry "CZE"]
[SourceTitle "playchess.com"]
[Source "ChessBase"]
[SourceQuality "1"]
[TimeControl "900+10"]

1. d4 Nf6 2. c4 g6 3. Nc3 d5 4. Nf3 Bg7 5. cxd5 Nxd5 6. e4 Nxc3 7. bxc3 c5 8. Rb1 Nc6 9. d5 Ne5 10. Nxe5 Bxe5 11. Bb5+ Bd7 12. O-O O-O 13. Bh6 Bxc3 14. Bxf8 Kxf8 15. Bxd7 Qxd7 16. Qb3 Bd4 17. Qxb7 Qd8 18. Rfd1 Kg7 19. g3 Rc8 20. Rd2 Rc7 21. Qa6 h5 22. h4 Qd7 23. Kg2 f5 24. Qe2 e6 25. dxe6 Qxe6 26. exf5 Qxf5 27. Qd3 Qf6 28. Qe4 Qf7 29. Rb8 Re7 30. Qf3 Qxf3+ 31. Kxf3 Rf7+ 32. Kg2 Kf6 33. Re2 Rc7 34. Rf8+ Kg7 35. Rd8 Bf6 36. Rd6 Be7 37. Ra6 c4 38. Ree6 1-0

[Event "29th Czech Open-Rapid 2018"]
[Site "Pardubice"]
[Date "2018.07.19"]
[Round "7"]
[White "Zpevak, Pavel"]
[Black "Claridge Hansen, William"]
[Result "1-0"]
[ECO "E16"]
[WhiteElo "2440"]
[BlackElo "2146"]
[Annotator "NA"]
[PlyCount "75"]
[EventDate "2018.07.18"]
[EventType "swiss"]
[EventCountry "CZE"]
[SourceTitle "playchess.com"]
[Source "ChessBase"]
[SourceQuality "1"]
[TimeControl "900+10"]

1. d4 Nf6 2. c4 e6 3. Nf3 b6 4. g3 Bb7 5. Bg2 Bb4+ 6. Bd2 c5 7. O-O O-O 8. Bg5 cxd4 9. Qxd4 h6 10. Bxf6 Qxf6 11. Qxf6 gxf6 12. a3 Be7 13. Nc3 Rd8 14. Rfd1 d6 15. Nd4 Bxg2 16. Kxg2 a6 17. Na4 b5 18. cxb5 axb5 19. Nc3 d5 20. Ncxb5 f5 21. Rac1 Kg7 22. Nc7 Ra7 23. Ncxe6+ fxe6 24. Nxe6+ Kf6 25. Nxd8 Bxd8 26. Rxd5 Be7 27. Rc8 Rb7 28. b4 Ke6 29. Ra5 Bf6 30. Ra8 Nd7 31. Rc6+ Kd5 32. Raa6 Bg7 33. Rg6 Nf8 34. Ra5+ Ke4 35. Rd6 f4 36. Rd3 Be5 37. gxf4 Bc7 38. f3+ 1-0

[Event "29th Czech Open-Rapid 2018"]
[Site "Pardubice"]
[Date "2018.07.19"]
[Round "7"]
[White "Matviishen, Viktor"]
[Black "Buchcar, Tomas"]
[Result "1-0"]
[ECO "B40"]
[WhiteElo "2425"]
[BlackElo "2174"]
[Annotator "NA RC"]
[PlyCount "82"]
[EventDate "2018.07.18"]
[EventType "swiss"]
[EventCountry "CZE"]
[SourceTitle "playchess.com"]
[Source "ChessBase"]
[SourceQuality "1"]
[TimeControl "900+10"]

1. e4 c5 2. Nf3 e6 3. b3 b6 4. Bb2 Bb7 5. Nc3 a6 6. Qe2 d6 7. g4 Qc7 8. h4 Nc6 9. O-O-O b5 10. d4 cxd4 11. Nxd4 b4 12. Na4 Nf6 13. Bg2 Rc8 14. g5 Nd7 15. h5 Be7 16. g6 Nxd4 17. gxf7+ Kxf7 18. Rxd4 a5 19. f4 Bf6 20. Rc4 Qb8 21. Rxc8 Rxc8 22. Rd1 Qc7 23. Bh3 Qc6 24. e5 dxe5 25. f5 Nf8 26. fxe6+ Nxe6 27. Kb1 Rc7 28. Bf5 Qf3 29. Qxf3 Bxf3 30. Rd6 Nd4 31. Bxh7 Nb5 32. Bg6+ Ke7 33. Rb6 Nd4 34. a3 Rb7 35. Ra6 Nc6 36. Nc5 Rc7 37. Ne4 Bh4 38. Ra8 Ke6 39. Rf8 Bd1 40. Rf1 Be2 41. Bf5+ Kd5 1-0

[Event "29th Czech Open-Rapid 2018"]
[Site "Pardubice"]
[Date "2018.07.19"]
[Round "7"]
[White "Potapov, Alexander"]
[Black "Harsha, Bharathakoti"]
[Result "0-1"]
[ECO "D31"]
[WhiteElo "2407"]
[BlackElo "2163"]
[Annotator "NA"]
[PlyCount "120"]
[EventDate "2018.07.18"]
[EventType "swiss"]
[EventCountry "CZE"]
[SourceTitle "playchess.com"]
[Source "ChessBase"]
[SourceQuality "1"]
[TimeControl "900+10"]

1. d4 e6 2. c4 d5 3. Nc3 a6 4. cxd5 exd5 5. Nf3 Nf6 6. Bg5 Be6 7. e3 Nbd7 8. Be2 h6 9. Bh4 Bd6 10. Rc1 c6 11. a3 O-O 12. O-O Bf5 13. Na4 Be7 14. b4 Ne4 15. Bg3 Bd6 16. Nc5 Bxg3 17. hxg3 Nd6 18. Ne5 Nb6 19. g4 Bh7 20. a4 Re8 21. a5 Nbc8 22. Bd3 Bxd3 23. Qxd3 Qe7 24. Rfe1 f6 25. Ng6 Qf7 26. Nh4 h5 27. gxh5 Qxh5 28. g3 g5 29. Nf5 Qh7 30. g4 Nxf5 31. Qxf5 Qxf5 32. gxf5 Nd6 33. f3 Nxf5 34. Nxb7 Rab8 35. Nc5 Rxb4 36. Nxa6 Ra4 37. Nc7 Re7 38. Rxc6 Nxd4 39. Rxf6 Kg7 40. Nxd5 Re5 41. Rb1 Rxd5 42. Ra6 Nxf3+ 43. Kf2 Ne5 44. Rb7+ Nf7 45. Raa7 Rf5+ 46. Kg3 Kg6 47. Rb6+ Kh5 48. a6 Rg4+ 49. Kh2 Rh4+ 50. Kg3 Rg4+ 51. Kh2 Rh4+ 52. Kg3 Rg4+ 53. Kh2 Rf2+ 54. Kh1 Kh4 55. Rc7 Ne5 56. Rb1 Kg3 57. Rg1+ Kh3 58. Rh7+ Rh4 59. Rxh4+ gxh4 60. Ra1 Nf3 0-1